[Event "World Senior chT-65 2019"]
[Site "Rhodes"]
[Date "2019.04.19"]
[Round "4.45"]
[White "Rantanen, Veikko"]
[Black "Morriss, Pete"]
[Result "0-1"]
[ECO "D34"]
[WhiteElo "1971"]
[BlackElo "1968"]
[PlyCount "54"]
[EventDate "2019.04.16"]
[EventType "team-tourn"]
[EventCountry "GRE"]
[TimeControl "40/5400+30:1800+30"]

1. c4 Nf6 2. g3 e6 3. Bg2 c5 4. Nf3 Be7 5. O-O O-O 6. Nc3 Nc6 7. d4 d5 8. cxd5 exd5 9. dxc5 Bxc5 10. Bg5 Be6 11. Rc1 Be7 12. Nd4 Nxd4 13. Qxd4 h6 14. Bd2 b6 15. b4 Qd7 16. a3 Rad8 17. Rfd1 Ng4 18. Qd3 Ne5 19. Qa6 d4 20. Nb5 Bc4 21. a4 Bxe2 22. Re1 Nf3+ 23. Bxf3 Bxf3 24. Nc7 Rc8 25. Qd3 Bb7 26. Bf4 Bxb4 27. Red1 Bc5 0-1

[Event "World Senior chT-65 2019"]
[Site "Rhodes"]
[Date "2019.04.19"]
[Round "4.46"]
[White "Murray, Jim G."]
[Black "Ranki, Martti"]
[Result "1/2-1/2"]
[ECO "B38"]
[WhiteElo "1845"]
[BlackElo "1940"]
[PlyCount "38"]
[EventDate "2019.04.16"]
[EventType "team-tourn"]
[EventCountry "GRE"]
[TimeControl "40/5400+30:1800+30"]

1. e4 c5 2. Nf3 Nc6 3. d4 cxd4 4. Nxd4 d6 5. c4 Nf6 6. Nc3 g6 7. Be2 Bd7 8. Be3 Bg7 9. O-O O-O 10. Rc1 Rc8 11. f3 b6 12. Qd2 Re8 13. Rfd1 Nxd4 14. Bxd4 Bc6 15. Be3 Qc7 16. Nd5 Qb8 17. Bg5 Bxd5 18. cxd5 Rxc1 19. Rxc1 Rc8 1/2-1/2

[Event "World Senior chT-65 2019"]
[Site "Rhodes"]
[Date "2019.04.19"]
[Round "4.47"]
[White "Alkkiomaki, Jyrki"]
[Black "Gibson, John F."]
[Result "1-0"]
[ECO "B06"]
[WhiteElo "1908"]
[BlackElo "1818"]
[PlyCount "65"]
[EventDate "2019.04.16"]
[EventType "team-tourn"]
[EventCountry "GRE"]
[TimeControl "40/5400+30:1800+30"]

1. e4 g6 2. d4 Bg7 3. Nc3 d6 4. Bd3 a6 5. Be3 Nc6 6. Nge2 b5 7. a3 Nf6 8. h3 Rb8 9. Qd2 e5 10. d5 Ne7 11. O-O O-O 12. Rfb1 Nd7 13. b4 f5 14. f3 Nb6 15. a4 bxa4 16. Nxa4 Qd7 17. Nxb6 cxb6 18. Bxa6 Bxa6 19. Rxa6 Qb5 20. Ra7 Nc8 21. Rxg7+ Kxg7 22. Bh6+ Kg8 23. Bxf8 Kxf8 24. exf5 gxf5 25. Qh6+ Kg8 26. Qg5+ Kh8 27. Qf6+ Kg8 28. Ng3 Qd7 29. Nxf5 h5 30. Qg6+ Kf8 31. Qxh5 Ra8 32. Qh8+ Kf7 33. Qg7+ 1-0

[Event "World Senior chT-65 2019"]
[Site "Rhodes"]
[Date "2019.04.20"]
[Round "5.2"]
[White "Balashov, Yuri S"]
[Black "Rantanen, Yrjo A."]
[Result "1/2-1/2"]
[ECO "D34"]
[WhiteElo "2470"]
[BlackElo "2283"]
[Annotator "ChessBase"]
[PlyCount "108"]
[EventDate "2019.04.16"]
[EventType "team-tourn"]
[EventCountry "GRE"]
[SourceTitle "playchess.com"]
[Source "ChessBase"]
[SourceQuality "1"]
[WhiteTeam "Russia"]
[BlackTeam "Finland"]
[WhiteTeamCountry "RUS"]
[BlackTeamCountry "FIN"]
[TimeControl "40/5400+30:1800+30"]

1. c4 c5 2. Nf3 Nf6 3. Nc3 e6 4. g3 d5 5. cxd5 exd5 6. d4 Nc6 7. Bg2 Be7 8. O-O O-O 9. dxc5 Bxc5 10. a3 h6 11. b4 Bb6 12. Bb2 Re8 13. Rc1 Bf5 14. Na4 Be4 15. Nc5 Bxc5 16. Rxc5 Nd7 17. Rc1 Qb6 18. Bh3 Rad8 19. Nd2 Bg6 20. Bg2 Qb5 21. Re1 a5 22. Bc3 axb4 23. axb4 Nde5 24. Nf3 Nxf3+ 25. Bxf3 Be4 26. Bxe4 Rxe4 27. Qd3 Qxd3 28. exd3 Rxe1+ 29. Rxe1 d4 30. Bd2 Rd5 31. f4 f5 32. Kf2 Kf7 33. Kf3 Rb5 34. h3 h5 35. g4 hxg4+ 36. hxg4 fxg4+ 37. Kxg4 g5 38. fxg5 Ne5+ 39. Kh5 Nxd3 40. Rf1+ Kg7 41. Rf3 Nb2 42. Rf4 Rd5 43. Rxd4 Rxd4 44. Bc3 Kf7 45. Bxd4 Nd3 46. g6+ Kg8 47. Bc5 b5 48. Kg5 Ne1 49. Kf5 Nc2 50. Kf6 Ne1 51. Bd4 Nc2 52. Bc3 Kf8 53. Kf5 Kg8 54. Ke4 Kf8 {[%emt 0:00:20] Kd4 [%emt 00:01:11]} 1/2-1/2

[Event "World Senior chT-65 2019"]
[Site "Rhodes"]
[Date "2019.04.20"]
[Round "5.4"]
[White "Zhelnin, Vladimir V"]
[Black "Meskanen, Vesa"]
[Result "1-0"]
[ECO "B50"]
[WhiteElo "2429"]
[BlackElo "2042"]
[Annotator "NA"]
[PlyCount "57"]
[EventDate "2019.04.16"]
[EventType "team-tourn"]
[EventCountry "GRE"]
[SourceTitle "playchess.com"]
[Source "ChessBase"]
[SourceQuality "1"]
[WhiteTeam "Russia"]
[BlackTeam "Finland"]
[WhiteTeamCountry "RUS"]
[BlackTeamCountry "FIN"]
[TimeControl "40/5400+30:1800+30"]

1. e4 c5 2. Nf3 d6 3. c3 Nf6 4. Bd3 g6 5. O-O Bg7 6. Bc2 O-O 7. Re1 Nc6 8. h3 Qc7 9. d3 Rb8 10. Nbd2 b5 $11 11. Nf1 Nd7 12. Ne3 e6 13. d4 Ne7 14. Ng4 b4 15. Bh6 Bxh6 16. Nxh6+ Kg7 17. Qd2 Ba6 18. Ng4 Ng8 19. e5 d5 20. h4 h5 21. Ne3 Nh6 22. Ng5 Qa5 23. Nxd5 exd5 24. e6 Nf6 25. exf7 Rxf7 26. Qf4 Rbf8 27. Ne6+ Kh7 28. Nxf8+ Rxf8 29. Re7+ 1-0

[Event "World Senior chT-65 2019"]
[Site "Rhodes"]
[Date "2019.04.20"]
[Round "5.5"]
[White "Birnboim, Nathan"]
[Black "Faibisovich, Vadim Z"]
[Result "1-0"]
[ECO "E08"]
[WhiteElo "2365"]
[BlackElo "2302"]
[Annotator "NA"]
[PlyCount "89"]
[EventDate "2019.04.16"]
[EventType "team-tourn"]
[EventCountry "GRE"]
[SourceTitle "playchess.com"]
[Source "ChessBase"]
[SourceQuality "1"]
[WhiteTeam "Israel"]
[BlackTeam "Russia"]
[WhiteTeamCountry "ISR"]
[BlackTeamCountry "RUS"]
[TimeControl "40/5400+30:1800+30"]

1. d4 Nf6 2. c4 e6 3. g3 d5 4. Bg2 Be7 5. Nf3 O-O 6. O-O c6 7. Qc2 Nbd7 8. b3 b6 9. Rd1 Bb7 10. Nc3 Rc8 11. e4 dxe4 12. Nxe4 Nxe4 13. Qxe4 Nf6 14. Qc2 Qc7 15. Bf4 Bd6 16. Bxd6 Qxd6 17. c5 Qc7 18. Ne5 Rfd8 19. b4 Nd5 20. Qb2 Ba6 21. Rdc1 f6 22. Nf3 Bd3 23. Nd2 Rb8 24. a3 a5 25. Bxd5 Rxd5 26. Qc3 Bf5 27. cxb6 Qxb6 28. Nc4 Qxd4 29. Qxd4 Rxd4 30. Nxa5 Be4 31. Nxc6 Bxc6 32. Rxc6 e5 33. Rc7 h5 34. h4 Rg4 35. Rac1 Kh7 36. R1c4 e4 37. Re7 f5 38. Re5 Ra8 39. Rc3 Rf8 40. b5 f4 41. Rxh5+ Kg6 42. Rg5+ Rxg5 43. hxg5 Kxg5 44. b6 Rb8 45. Rb3 1-0

[Event "World Senior chT-65 2019"]
[Site "Rhodes"]
[Date "2019.04.20"]
[Round "5.6"]
[White "Karasev, Vladimir I"]
[Black "Berkovich, Mark A"]
[Result "1/2-1/2"]
[ECO "A03"]
[WhiteElo "2281"]
[BlackElo "2332"]
[Annotator "NA"]
[PlyCount "37"]
[EventDate "2019.04.16"]
[EventType "team-tourn"]
[EventCountry "GRE"]
[SourceTitle "playchess.com"]
[Source "ChessBase"]
[SourceQuality "1"]
[WhiteTeam "Russia"]
[BlackTeam "Israel"]
[WhiteTeamCountry "RUS"]
[BlackTeamCountry "ISR"]
[TimeControl "40/5400+30:1800+30"]

1. f4 Nf6 2. Nf3 d5 3. e3 g6 4. b3 Bg7 5. Bb2 Bg4 6. Be2 O-O 7. O-O c6 8. c4 Nbd7 9. cxd5 cxd5 10. Nd4 Bxe2 11. Qxe2 e6 12. Nc3 Ne4 13. Nxe4 dxe4 14. Qb5 Nb6 15. Rac1 Qd6 16. Qa5 Rfd8 17. Rc2 Nd5 18. Rc4 a6 19. Ba3 1/2-1/2

[Event "World Senior chT-65 2019"]
[Site "Rhodes"]
[Date "2019.04.20"]
[Round "5.7"]
[White "Maryasin, Boris"]
[Black "Shushpanov, Vladimir"]
[Result "1-0"]
[ECO "B15"]
[WhiteElo "2297"]
[BlackElo "2180"]
[Annotator "NA"]
[PlyCount "49"]
[EventDate "2019.04.16"]
[EventType "team-tourn"]
[EventCountry "GRE"]
[SourceTitle "playchess.com"]
[Source "ChessBase"]
[SourceQuality "1"]
[WhiteTeam "Israel"]
[BlackTeam "Russia"]
[WhiteTeamCountry "ISR"]
[BlackTeamCountry "RUS"]
[TimeControl "40/5400+30:1800+30"]

1. e4 g6 2. d4 Bg7 3. Nc3 c6 4. Be3 d5 5. f3 Nf6 6. e5 Nfd7 7. f4 e6 8. Nf3 b6 9. h4 h5 10. Ng5 Ba6 11. Bxa6 Nxa6 12. g4 Nc7 13. f5 hxg4 14. fxg6 f5 15. h5 Bxe5 16. dxe5 Nxe5 17. g7 Rg8 18. h6 Qf6 19. h7 Qxg7 20. hxg8=Q+ Qxg8 21. Qd4 Qxg5 22. Qxe5 Qe7 23. Rh8+ Kd7 24. Rxa8 Nxa8 25. O-O-O 1-0

[Event "World Senior chT-65 2019"]
[Site "Rhodes"]
[Date "2019.04.20"]
[Round "5.8"]
[White "Blechzin, Igor"]
[Black "Lederman, Leon"]
[Result "1-0"]
[ECO "A12"]
[WhiteElo "2210"]
[BlackElo "2281"]
[Annotator "NA"]
[PlyCount "105"]
[EventDate "2019.04.16"]
[EventType "team-tourn"]
[EventCountry "GRE"]
[SourceTitle "playchess.com"]
[Source "ChessBase"]
[SourceQuality "1"]
[WhiteTeam "Russia"]
[BlackTeam "Israel"]
[WhiteTeamCountry "RUS"]
[BlackTeamCountry "ISR"]
[TimeControl "40/5400+30:1800+30"]

1. c4 c6 2. Nf3 d5 3. b3 Bf5 4. Bb2 e6 5. g3 Nf6 6. Bg2 Be7 7. d3 h6 8. O-O O-O 9. Nbd2 a5 10. a3 Nbd7 11. Rc1 Qb6 12. Rc2 Rfe8 13. Qa1 Bf8 14. Ne5 Rad8 15. Nxd7 Nxd7 16. Bc3 Qa6 17. b4 a4 18. Qb2 dxc4 19. Nxc4 f6 20. Rb1 Qb5 21. Bd4 e5 22. Be3 e4 23. Qa2 Qd5 24. dxe4 Bxe4 25. Bxe4 Rxe4 26. Na5 Qxa2 27. Rxa2 Rb8 28. Bf4 Rbe8 29. Kf1 g5 30. Be3 Rb8 31. Rd1 Re7 32. Rad2 Ne5 33. Bd4 Kf7 34. Bxe5 fxe5 35. e4 Ke8 36. Nc4 Re6 37. Nb6 c5 38. Nd5 Rc8 39. b5 c4 40. Rc2 Rc5 41. Rdc1 Bd6 42. Rxc4 Rxb5 43. Rxa4 Rb3 44. Nc7+ Bxc7 45. Rxc7 Re7 46. Rc8+ Kf7 47. Raa8 Kf6 48. Rh8 Kg6 49. Kg2 Rf7 50. Rag8+ Rg7 51. Re8 Rf7 52. Re6+ Kg7 53. Rexh6 1-0

[Event "World Senior chT-65 2019"]
[Site "Rhodes"]
[Date "2019.04.20"]
[Round "5.9"]
[White "Karason, Askell O"]
[Black "Renman, Nils-Gustaf"]
[Result "1/2-1/2"]
[ECO "D44"]
[WhiteElo "2252"]
[BlackElo "2358"]
[Annotator "NA"]
[PlyCount "55"]
[EventDate "2019.04.16"]
[EventType "team-tourn"]
[EventCountry "GRE"]
[SourceTitle "playchess.com"]
[Source "ChessBase"]
[SourceQuality "1"]
[WhiteTeam "Iceland"]
[BlackTeam "Sweden"]
[WhiteTeamCountry "ISL"]
[BlackTeamCountry "SWE"]
[TimeControl "40/5400+30:1800+30"]

1. d4 d5 2. c4 c6 3. Nf3 Nf6 4. Nc3 e6 5. Bg5 dxc4 6. e4 b5 7. e5 h6 8. Bh4 g5 9. Nxg5 hxg5 10. Bxg5 Nbd7 11. g3 Bb7 12. Bg2 Qb6 13. exf6 O-O-O 14. O-O c5 15. d5 b4 16. Rb1 Qa6 17. dxe6 Bxg2 18. e7 Bxf1 19. Qd5 Bxe7 20. fxe7 Bd3 21. exd8=Q+ Rxd8 22. Ne4 Bxb1 23. Nd6+ Kc7 24. Bf4 Kb6 25. Nxc4+ Kb5 26. Nd6+ Kb6 27. Nc4+ Kb5 28. Nd6+ 1/2-1/2

[Event "World Senior chT-65 2019"]
[Site "Rhodes"]
[Date "2019.04.20"]
[Round "5.10"]
[White "Uddenfeldt, Dan"]
[Black "Gudmundsson, Kristjan"]
[Result "1/2-1/2"]
[ECO "A56"]
[WhiteElo "2339"]
[BlackElo "2268"]
[Annotator "NA"]
[PlyCount "107"]
[EventDate "2019.04.16"]
[EventType "team-tourn"]
[EventCountry "GRE"]
[SourceTitle "playchess.com"]
[Source "ChessBase"]
[SourceQuality "1"]
[WhiteTeam "Sweden"]
[BlackTeam "Iceland"]
[WhiteTeamCountry "SWE"]
[BlackTeamCountry "ISL"]
[TimeControl "40/5400+30:1800+30"]

1. d4 Nf6 2. c4 c5 3. d5 e5 4. Nc3 d6 5. e4 Be7 6. Bd2 Nbd7 7. Bd3 Nf8 8. g3 Ng6 9. h4 h5 10. Nh3 Bg4 11. f3 Bd7 12. Ng5 Nf8 13. Qe2 N6h7 14. f4 Bg4 15. Qf2 Bf6 16. Be2 Bxe2 17. Qxe2 g6 18. Nf3 Nd7 19. f5 Qe7 20. O-O-O O-O-O 21. fxg6 fxg6 22. Rdg1 Bg7 23. g4 Nhf6 24. g5 Ng4 25. Kc2 Rhf8 26. a3 Rf7 27. b4 Rdf8 28. Rh3 Kb8 29. Kb3 Rc8 30. Rc1 Qe8 31. Nd1 Bf8 32. Ne1 Be7 33. Nd3 Nb6 34. N1b2 Qf8 35. Be1 Nd7 36. Bc3 Ka8 37. Rc2 Bd8 38. Rg3 Qe7 39. Bd2 Bc7 40. Na4 Rcf8 41. Be1 Kb8 42. Ka2 Nb6 43. Nab2 Nd7 44. Nd1 Bb6 45. b5 Qd8 46. Qd2 Rf3 47. Rxf3 Rxf3 48. Qe2 Rf7 49. Ne3 Nxe3 50. Qxe3 Qf8 51. Rf2 Rxf2+ 52. Qxf2 Qxf2+ 53. Nxf2 Bd8 54. Kb3 1/2-1/2

[Event "World Senior chT-65 2019"]
[Site "Rhodes"]
[Date "2019.04.20"]
[Round "5.11"]
[White "Viglundsson, Bjorgvin"]
[Black "Hammar, Bengt"]
[Result "1/2-1/2"]
[ECO "D91"]
[WhiteElo "2170"]
[BlackElo "2206"]
[Annotator "NA"]
[PlyCount "73"]
[EventDate "2019.04.16"]
[EventType "team-tourn"]
[EventCountry "GRE"]
[SourceTitle "playchess.com"]
[Source "ChessBase"]
[SourceQuality "1"]
[WhiteTeam "Iceland"]
[BlackTeam "Sweden"]
[WhiteTeamCountry "ISL"]
[BlackTeamCountry "SWE"]
[TimeControl "40/5400+30:1800+30"]

1. d4 Nf6 2. c4 g6 3. Nc3 d5 4. Nf3 Bg7 5. Bg5 Ne4 6. Bh4 c5 7. cxd5 Nxc3 8. bxc3 cxd4 9. cxd4 Qxd5 10. e3 Nc6 11. Be2 Qa5+ 12. Qd2 Qxd2+ 13. Kxd2 e6 14. Rhc1 Bd7 15. Rab1 b6 16. Ba6 Na5 17. Rc7 f6 18. Rbc1 g5 19. Bg3 Bf8 20. h4 g4 21. Ne1 Be7 22. Be2 Bb4+ 23. Kd1 Ba4+ 24. Nc2 h5 25. Bd3 Ba3 26. Rb1 Be7 27. Ke2 Bc6 28. Bb5 Bxb5+ 29. Rxb5 Bd8 30. Rc3 Kd7 31. d5 e5 32. e4 Be7 33. Ne3 Rhc8 34. Rxc8 Rxc8 35. Rb2 Nb7 36. Rc2 Rxc2+ 37. Nxc2 1/2-1/2

[Event "World Senior chT-65 2019"]
[Site "Rhodes"]
[Date "2019.04.20"]
[Round "5.12"]
[White "Hedin, Gunnar"]
[Black "Halldorsson, Bragi"]
[Result "0-1"]
[ECO "A34"]
[WhiteElo "2195"]
[BlackElo "2112"]
[Annotator "NA"]
[PlyCount "122"]
[EventDate "2019.04.16"]
[EventType "team-tourn"]
[EventCountry "GRE"]
[SourceTitle "playchess.com"]
[Source "ChessBase"]
[SourceQuality "1"]
[WhiteTeam "Sweden"]
[BlackTeam "Iceland"]
[WhiteTeamCountry "SWE"]
[BlackTeamCountry "ISL"]
[TimeControl "40/5400+30:1800+30"]

1. c4 c5 2. Nf3 Nf6 3. g3 Nc6 4. Bg2 d5 5. cxd5 Nxd5 6. O-O e5 7. Nc3 Nc7 8. d3 Be7 9. Nd2 Be6 10. Nc4 Nd5 11. f4 exf4 12. gxf4 f6 13. f5 Bf7 14. Qe1 Nd4 15. Qf2 Qd7 16. e3 Nc6 17. Be4 Rd8 18. a3 Nxc3 19. bxc3 Bd5 20. Bxd5 Qxd5 21. Rd1 O-O 22. Rd2 b5 23. e4 Qf7 24. Ne3 Bd6 25. Rb1 a6 26. Nd5 Rfe8 27. Rd1 c4 28. dxc4 Rxe4 29. Bf4 Bxf4 30. Nxf4 Rxd1+ 31. Rxd1 Qxc4 32. Nh5 Rg4+ 33. Ng3 h5 34. Qe3 Ne5 35. Rd4 Rxd4 36. cxd4 Qxd4 37. Qxd4 Nf3+ 38. Kf2 Nxd4 39. Ke3 Nc2+ 40. Kd3 Nxa3 41. Nxh5 Nc4 42. Nf4 Nd6 43. Nd5 a5 44. Kd4 a4 45. Kc5 a3 46. Nb4 Nxf5 47. Kxb5 Nd4+ 48. Kc4 Nf3 49. Kb3 Nxh2 50. Kxa3 g5 51. Nd5 Kf7 52. Kb3 Ke6 53. Kc4 Ke5 54. Nc3 f5 55. Kd3 Kf4 56. Ne2+ Ke5 57. Ke3 f4+ 58. Kf2 Ng4+ 59. Kf3 Nf6 60. Kg2 g4 61. Ng1 Ne4 0-1

[Event "World Senior chT-65 2019"]
[Site "Rhodes"]
[Date "2019.04.20"]
[Round "5.13"]
[White "Povah, Nigel E"]
[Black "Herzog, Adolf"]
[Result "1/2-1/2"]
[ECO "D00"]
[WhiteElo "2319"]
[BlackElo "2337"]
[Annotator "NA"]
[PlyCount "167"]
[EventDate "2019.04.16"]
[EventType "team-tourn"]
[EventCountry "GRE"]
[SourceTitle "playchess.com"]
[Source "ChessBase"]
[SourceQuality "1"]
[WhiteTeam "England"]
[BlackTeam "Austria"]
[WhiteTeamCountry "ENG"]
[BlackTeamCountry "AUT"]
[TimeControl "40/5400+30:1800+30"]

1. d4 Nf6 2. Bf4 d5 3. e3 c5 4. c3 Qb6 5. Qb3 c4 6. Qc2 g6 7. Nd2 Bf5 8. Qc1 Bg7 9. h3 Nc6 10. Ngf3 Qd8 11. Be2 Rc8 12. O-O O-O 13. Ne5 Nd7 14. e4 Bxe4 15. Nxe4 dxe4 16. Nxc4 b5 17. d5 bxc4 18. dxc6 Rxc6 19. Rd1 e5 20. Bg5 Qc7 21. Qd2 Nb6 22. Bd8 Qb7 23. Rab1 Bf6 24. Bxb6 Qxb6 25. Qd5 e3 26. Bxc4 exf2+ 27. Kf1 Rc7 28. b3 Kg7 29. Qe4 Qa5 30. Rb2 Qxc3 31. Rxf2 Rd8 32. Rxd8 Qa1+ 33. Ke2 Bxd8 34. Qd5 Qxa2+ 35. Kf3 e4+ 36. Ke3 Qa1 37. Qxd8 Qe1+ 38. Re2 Qc3+ 39. Kf2 Qe5 40. Rxe4 Qf5+ 41. Ke3 Rd7 42. Qb8 Qg5+ 43. Kf3 Qd2 44. Kg3 h5 45. Qf4 Qd1 46. Kh2 Qc2 47. Qe5+ Kh7 48. Qe8 Rb7 49. Rf4 f5 50. Rd4 Qf2 51. Qe5 Rg7 52. Rf4 Qd2 53. h4 Rd7 54. Be6 Rg7 55. Rc4 Qf2 56. Qf4 Qb6 57. Qe5 Qf2 58. Kh3 Qf1 59. Rf4 Qh1+ 60. Kg3 Qg1 61. Rc4 Qd1 62. Kh2 Qd8 63. g3 Qd2+ 64. Kh3 Qd1 65. Bd5 Kh6 66. Rc8 Qg4+ 67. Kh2 Kh7 68. Qb8 Qe2+ 69. Bg2 Rf7 70. Rh8+ Kg7 71. Re8 Qb2 72. Qe5+ Qxe5 73. Rxe5 f4 74. gxf4 Rxf4 75. Re7+ Kf6 76. Rxa7 Rxh4+ 77. Kg3 Rd4 78. Rb7 g5 79. b4 h4+ 80. Kf2 Rd2+ 81. Kf3 g4+ 82. Kxg4 Rxg2+ 83. Kxh4 Ke6 84. Kh3 1/2-1/2

[Event "World Senior chT-65 2019"]
[Site "Rhodes"]
[Date "2019.04.20"]
[Round "5.14"]
[White "Petschar, Kurt"]
[Black "Stebbings, Anthony J"]
[Result "1-0"]
[ECO "A31"]
[WhiteElo "2226"]
[BlackElo "2281"]
[Annotator "NA"]
[PlyCount "99"]
[EventDate "2019.04.16"]
[EventType "team-tourn"]
[EventCountry "GRE"]
[SourceTitle "playchess.com"]
[Source "ChessBase"]
[SourceQuality "1"]
[WhiteTeam "Austria"]
[BlackTeam "England"]
[WhiteTeamCountry "AUT"]
[BlackTeamCountry "ENG"]
[TimeControl "40/5400+30:1800+30"]

1. c4 c5 2. Nf3 Nf6 3. Nc3 Nc6 4. d4 cxd4 5. Nxd4 Qb6 6. Nb3 e6 7. Bg5 d6 8. e4 Be7 9. Be2 O-O 10. O-O a6 11. Rc1 Ne5 12. Be3 Qc7 13. f4 Ng6 14. Qe1 b6 15. Qf2 Nd7 16. Nd4 Bh4 17. g3 Bf6 18. h4 Bb7 19. h5 Ne7 20. g4 Nc5 21. Qg2 Bxd4 22. Bxd4 e5 23. Be3 f6 24. b4 Nd7 25. Nd5 Nxd5 26. cxd5 Qd8 27. h6 g6 28. f5 g5 29. a3 Rc8 30. Bd3 b5 31. Qd2 Qe7 32. Kf2 Rxc1 33. Rxc1 Rc8 34. Rxc8+ Bxc8 35. Qc2 Qd8 36. a4 bxa4 37. Qxa4 Qc7 38. Qc6 Qxc6 39. dxc6 Nb8 40. b5 axb5 41. Bxb5 Kf8 42. Bc1 Na6 43. Ba3 Ke7 44. Bc4 Nb8 45. Bg8 Nxc6 46. Bxh7 Nd8 47. Bxd6+ Kf7 48. Bg6+ Kg8 49. h7+ Kg7 50. Be7 1-0

[Event "World Senior chT-65 2019"]
[Site "Rhodes"]
[Date "2019.04.20"]
[Round "5.15"]
[White "Snape, Ian L"]
[Black "Singer, Hans"]
[Result "1/2-1/2"]
[ECO "A18"]
[WhiteElo "2154"]
[BlackElo "2195"]
[Annotator "NA"]
[PlyCount "57"]
[EventDate "2019.04.16"]
[EventType "team-tourn"]
[EventCountry "GRE"]
[SourceTitle "playchess.com"]
[Source "ChessBase"]
[SourceQuality "1"]
[WhiteTeam "England"]
[BlackTeam "Austria"]
[WhiteTeamCountry "ENG"]
[BlackTeamCountry "AUT"]
[TimeControl "40/5400+30:1800+30"]

1. c4 Nf6 2. Nc3 e6 3. e4 d5 4. e5 d4 5. exf6 dxc3 6. bxc3 Qxf6 7. d4 c5 8. Nf3 h6 9. Bd3 Nc6 10. Ba3 Be7 11. O-O cxd4 12. Bxe7 Kxe7 13. cxd4 Nxd4 14. Nxd4 Qxd4 15. Qb3 Qc5 16. Rab1 Rd8 17. Be4 Bd7 18. Bxb7 Rab8 19. Qg3 Kf8 20. h3 Ba4 21. Rfc1 g6 22. h4 Kg8 23. Qf4 Kg7 24. h5 g5 25. Qg3 Kg8 26. Kh2 Kg7 27. Kg1 Kg8 28. Kh1 Kg7 29. Kg1 1/2-1/2

[Event "World Senior chT-65 2019"]
[Site "Rhodes"]
[Date "2019.04.20"]
[Round "5.16"]
[White "Ager, Josef"]
[Black "Quinn, John M"]
[Result "1-0"]
[ECO "E92"]
[WhiteElo "2122"]
[BlackElo "2140"]
[Annotator "NA"]
[PlyCount "115"]
[EventDate "2019.04.16"]
[EventType "team-tourn"]
[EventCountry "GRE"]
[SourceTitle "playchess.com"]
[Source "ChessBase"]
[SourceQuality "1"]
[WhiteTeam "Austria"]
[BlackTeam "England"]
[WhiteTeamCountry "AUT"]
[BlackTeamCountry "ENG"]
[TimeControl "40/5400+30:1800+30"]

1. Nf3 Nf6 2. c4 g6 3. d4 Bg7 4. Nc3 O-O 5. e4 d6 6. Be2 e5 7. Be3 Ng4 8. Bg5 f6 9. Bh4 g5 10. Bg3 Nh6 11. Qd2 c6 12. Rd1 Nf7 13. d5 Na6 14. O-O h5 15. h3 Bh6 16. Qc2 Nb4 17. Qb3 c5 18. Ne1 h4 19. Bh2 Qe7 20. a3 Na6 21. Nc2 Nc7 22. Ne3 b6 23. Qc2 Nd8 24. Nf5 Bxf5 25. exf5 Qf7 26. Ne4 Nb7 27. Bg4 Rfd8 28. Qe2 Bf8 29. Bh5 Qg7 30. Kh1 Na5 31. Qd3 Be7 32. Rg1 Qh6 33. Bg6 Kg7 34. g3 hxg3 35. Nxg3 Rh8 36. Nh5+ Kf8 37. b4 Nb7 38. h4 Ne8 39. Rg3 Ng7 40. hxg5 fxg5 41. Rh3 g4 42. Nxg7 Qxh3 43. Ne6+ Kg8 44. Qxh3 Rxh3 45. Rg1 g3 46. fxg3 cxb4 47. axb4 a5 48. Ra1 Rc8 49. Kg2 Rh6 50. c5 dxc5 51. bxa5 Nxa5 52. g4 Bd6 53. Bg1 Nb3 54. Ra7 Nd4 55. g5 Rxg6 56. fxg6 Nxe6 57. dxe6 Rc7 58. Rxc7 1-0

[Event "World Senior chT-65 2019"]
[Site "Rhodes"]
[Date "2019.04.20"]
[Round "5.17"]
[White "Knaak, Rainer"]
[Black "Page, Mark E"]
[Result "1/2-1/2"]
[ECO "A45"]
[WhiteElo "2482"]
[BlackElo "2107"]
[Annotator "ChessBase"]
[PlyCount "128"]
[EventDate "2019.04.16"]
[EventType "team-tourn"]
[EventCountry "GRE"]
[SourceTitle "playchess.com"]
[Source "ChessBase"]
[SourceQuality "1"]
[WhiteTeam "Germany"]
[BlackTeam "England"]
[WhiteTeamCountry "GER"]
[BlackTeamCountry "ENG"]
[TimeControl "40/5400+30:1800+30"]

1. d4 Nf6 2. Bf4 g6 3. Nc3 d5 4. e3 Bg7 5. h4 a6 6. Be2 h5 7. Nf3 Bg4 8. Ne5 Bxe2 9. Qxe2 Nbd7 10. O-O-O e6 11. f3 Qe7 12. e4 dxe4 13. Nxe4 Nxe4 14. Qxe4 O-O-O 15. Bg5 Bh6 16. f4 Bxg5 17. fxg5 Nxe5 18. Qxe5 Rhe8 19. c4 Qd6 20. Qe4 Qb4 21. Qc2 Re7 22. a3 Qa5 23. Rhf1 Red7 24. Kb1 Rxd4 25. Rxd4 Rxd4 26. Rxf7 Qe1+ 27. Ka2 Kb8 28. c5 Qe5 29. Rf6 Rxh4 30. Rxg6 Rg4 31. c6 Qd5+ 32. Qb3 Qxb3+ 33. Kxb3 Rxg2 34. cxb7 Kxb7 35. Rxe6 Rxg5 36. Rh6 c6 37. Rh8 Kb6 38. Rb8+ Kc7 39. Ra8 Kb7 40. Rh8 Kb6 41. Rb8+ Kc7 42. Ra8 h4 43. Rh8 Rg4 44. Kc3 a5 45. b4 a4 46. Rh7+ Kb6 47. Rh6 Rf4 48. Kd3 Rg4 49. Kc3 Rg3+ 50. Kc4 h3 51. b5 Rg4+ 52. Kc3 Kxb5 53. Rxh3 Rg1 54. Rh8 Rg3+ 55. Kb2 c5 56. Ra8 Rh3 57. Ra7 Rh2+ 58. Kc3 Ra2 59. Rb7+ Kc6 60. Rh7 Rxa3+ 61. Kc4 Rg3 62. Rh6+ Kb7 63. Kxc5 a3 64. Rh2 Rc3+ 1/2-1/2

[Event "World Senior chT-65 2019"]
[Site "Rhodes"]
[Date "2019.04.20"]
[Round "5.18"]
[White "James, Geoffrey H"]
[Black "Vogt, Lothar"]
[Result "1/2-1/2"]
[ECO "A36"]
[WhiteElo "2144"]
[BlackElo "2362"]
[Annotator "NA"]
[PlyCount "67"]
[EventDate "2019.04.16"]
[EventType "team-tourn"]
[EventCountry "GRE"]
[SourceTitle "playchess.com"]
[Source "ChessBase"]
[SourceQuality "1"]
[WhiteTeam "England"]
[BlackTeam "Germany"]
[WhiteTeamCountry "ENG"]
[BlackTeamCountry "GER"]
[TimeControl "40/5400+30:1800+30"]

1. c4 c5 2. Nc3 g6 3. g3 Bg7 4. Bg2 Nf6 5. d3 Nc6 6. e3 O-O 7. Nge2 e6 8. O-O b6 9. a3 Bb7 10. b4 Rb8 11. Rb1 d6 12. b5 Ne7 13. Bxb7 Rxb7 14. Bb2 Rd7 15. Qc2 Qa8 16. e4 d5 17. f3 Rfd8 18. Rbd1 Ne8 19. Nf4 dxc4 20. dxc4 Rd4 21. Na4 R4d6 22. Bxg7 Nxg7 23. Kg2 f5 24. e5 R6d7 25. h4 h6 26. Rxd7 Rxd7 27. Rd1 Rxd1 28. Qxd1 g5 29. hxg5 hxg5 30. Qd7 gxf4 31. Qxe7 fxg3 32. Kxg3 Kh7 33. Nc3 a6 34. a4 1/2-1/2

[Event "World Senior chT-65 2019"]
[Site "Rhodes"]
[Date "2019.04.20"]
[Round "5.19"]
[White "Kiefer, Gerhard"]
[Black "Bray, David"]
[Result "1-0"]
[ECO "B48"]
[WhiteElo "2279"]
[BlackElo "2121"]
[Annotator "NA"]
[PlyCount "59"]
[EventDate "2019.04.16"]
[EventType "team-tourn"]
[EventCountry "GRE"]
[SourceTitle "playchess.com"]
[Source "ChessBase"]
[SourceQuality "1"]
[WhiteTeam "Germany"]
[BlackTeam "England"]
[WhiteTeamCountry "GER"]
[BlackTeamCountry "ENG"]
[TimeControl "40/5400+30:1800+30"]

1. e4 c5 2. Nf3 e6 3. d4 cxd4 4. Nxd4 Nc6 5. Nc3 Qc7 6. Be3 a6 7. Bd3 Nf6 8. O-O Ne5 9. h3 Bc5 10. f4 Ng6 11. e5 Nd5 12. Nxd5 exd5 13. Qf3 d6 14. exd6 Qxd6 15. Nb3 Bxe3+ 16. Qxe3+ Ne7 17. Rae1 Kf8 18. f5 f6 19. Nd4 Bd7 20. Ne6+ Bxe6 21. fxe6 Rc8 22. Qg5 Ng8 23. Bxh7 Qe7 24. Bxg8 Kxg8 25. Qxd5 Rxc2 26. Rc1 Rxc1 27. Rxc1 g5 28. Qd7 Qxd7 29. exd7 Kf7 30. Rc8 1-0